 Dungeon Crawl Stone Soup version 0.21-a0-531-gacddea6 (webtiles) character file.

125 kiturien the Skirmisher (level 4, 0/40 HPs)
             Began as a Draconian Abyssal Knight on Dec 12, 2017.
             Was a Believer of Lugonu.
             Succumbed to a kobold's poison
             ... on level 2 of the Dungeon on Dec 13, 2017.
             The game lasted 00:08:42 (3776 turns).

kiturien the Skirmisher (Draconian Abyssal Knight)  Turns: 3776, Time: 00:08:43

Health: 0/40       AC:  0    Str: 14    XL:     4   Next: 82%
Magic:  5/5        EV: 13    Int: 13    God:    Lugonu [**....]
Gold:   164        SH:  0    Dex: 11    Spells: 3/3 levels left

rFire    . . .     SeeInvis +     - Unarmed
rCold    . . .     Gourm    .   (no shield)
rNeg     . . .     Faith    .   (armour unavailable)
rPois    .         Spirit   .   (helmet restricted)
rElec    .         Reflect  .   (no cloak)
rCorr    .         Harm     .   (no gloves)
MR       .....                  (no boots)
Stlth    +.........             (no amulet)
HPRegen  0.13/turn              h - -5 ring of protection (curse)
MPRegen  0.09/turn              d - ring of see invisible

@: lethally poisoned (0 -> -18)
A: unfitting armour, cold-blooded, AC +5
a: Depart the Abyss, Bend Space, Renounce Religion


You were on level 2 of the Dungeon.
You worshipped Lugonu.
Lugonu was pleased with you.
You were not hungry.

You visited 1 branch of the dungeon, and saw 3 of its levels.
You visited the Abyss 1 time.

You collected 164 gold pieces.

Inventory:

Armour
 l - a +0 buckler
Jewellery
 d - a ring of see invisible (right hand)
 f - an uncursed ring of protection from cold
 h - a cursed -5 ring of protection (left hand)
Wands
 e - a wand of clouds (8)
Scrolls
 i - 3 scrolls of fear
 j - a scroll of identify
 k - a scroll of teleportation
Comestibles
 a - 3 bread rations
 b - a meat ration
 c - 4 fruits
 g - a royal jelly


   Skills:
 + Level 4.2 Fighting
 + Level 3.3 Dodging
 + Level 3.3 Unarmed Combat
 - Level 2.1 Invocations


You had 3 spell levels left.
You didn't know any spells.

Dungeon Overview and Level Annotations

Branches:
Dungeon (3/15)

Altars:
Nemelex Xobeh
Sif Muna
The Shining One


Innate Abilities, Weirdness & Mutations

Your plain brown scales are hard. (AC +5)
You cannot fit into any form of body armour.
You are cold-blooded and may be slowed by cold attacks.


Message History

The kobold is severely wounded.
* * * LOW HITPOINT WARNING * * *
You feel sick.
The kobold hits you with a dagger of venom.
* * * LOW HITPOINT WARNING * * *
You are more poisoned.
You hit the kobold.
You kill the kobold!
Lugonu accepts your kill.
* * * LOW HITPOINT WARNING * * *
You feel sick.
* * * LOW HITPOINT WARNING * * *
You feel sick.
You see here a dagger of venom.
There isn't anything to butcher here.
* * * LOW HITPOINT WARNING * * *
You feel sick.
You see here an adder corpse.
You butcher the adder corpse.
You die...

.#
#.#..#####.#
#.# .#
#.#..# #.#
#.# .#
##.##.###
#.#####.# .#
#.......#
#.......# .#
#.......#
######### .#
#.......# .#
#.......# .#
#.....>.# .#
#.....)@# .#
#.......# .#
######### .#
.# ##


There were no monsters in sight!

Vanquished Creatures
  Jessica (D:2)
  4 adders
  An ooze (D:2)
  A dart slug (D:2)
  A worm (D:2)
  A leopard gecko (D:1)
  8 bats
  4 giant cockroaches
  3 goblins (D:2)
  6 hobgoblins
  2 jackals (D:1)
  4 frilled lizards (D:1)
  12 kobolds
  6 rats
54 creatures vanquished.

Notes
Turn   | Place    | Note
-------+----------+-------------------------------------------
     0 | Abyss:1  | kiturien the Draconian Abyssal Knight began the quest for the Orb.
     0 | Abyss:1  | Reached XP level 1. HP: 19/19 MP: 2/2
    18 | D:1      | Escaped the Abyss
   402 | D:1      | Reached XP level 2. HP: 20/26 MP: 3/3
   666 | D:1      | Found a glowing golden altar of the Shining One.
   913 | D:1      | Reached ** piety under Lugonu
   991 | D:1      | Reached XP level 3. HP: 25/33 MP: 4/4
  1755 | D:2      | Found a sparkling altar of Nemelex Xobeh.
  1755 | D:2      | Noticed Jessica
  1767 | D:2      | Killed Jessica
  1767 | D:2      | Reached skill level 4 in Fighting
  2092 | D:2      | Reached XP level 4. HP: 40/40 MP: 5/5
  3593 | D:2      | Found a deep blue altar of Sif Muna.
  3775 | D:2      | HP: 1/40 [poisoned by a kobold]
  3776 | D:2      | Succumbed to a kobold's poison

Vault maps used:
D:1:      elethiomel_arrival_shortcut, tso_metal_star
D:2:      marbit_many_paths, nemelex_lonely_heart_becter
D:3:      first_bread, grunt_ministairs_14, amethyst_killhole, uniq_grinder
Abyss:1:  evilmike_abyss_exit_smiterflies

Skill      XL: |  1  2  3  4 |
---------------+-------------+-----
Fighting       | 4 |  4.2
Dodging        | 3 |  3.3
Unarmed Combat | 3 |  3.3
Invocations    | |  2.1

Action                   |  1- 3 |  4- 6 || total
-------------------------+-------+-------++-------
Melee: Unarmed           |   138 |    95 ||   233
       Club              |     4 |       ||     4
       Tailslap          |    23 |    14 ||    37
       Punch             |     3 |       ||     3
       Whip              |    36 |       ||    36
  Use: Scroll            |     4 |     3 ||     7
       Potion            |     3 |     1 ||     4
 Stab: Sleeping          |     1 |       ||     1
  Eat: Chunk             |     2 |     6 ||     8
       Fruit             |     1 |       ||     1
Armor: Skin              |    47 |       ||    47
Dodge: Dodged            |   147 |    65 ||   212

Table legend:
 A = Spawn XP
 B = Non-spawn XP
 C = Spawn XP percentage of total XP
 D = Spawn monster count
 E = Non-spawn monster count
 F = Spawn count percentage of total count
 G = Total turns spent on level
                    A         B        C        D         E        F      G
               +---------+---------+-------+---------+---------+-------+---------
         Total |       0 |     179 |   0.0 |       0 |      54 |   0.0 |  3776
               +---------+---------+-------+---------+---------+-------+---------
           D:1 |       0 |      68 |   0.0 |       0 |      35 |   0.0 |  1974
           D:2 |       0 |     111 |   0.0 |       0 |      19 |   0.0 |  1778
               +---------+---------+-------+---------+---------+-------+---------
